 Dungeon Crawl Stone Soup version 0.30-a0-553-g7fabdf1491 (webtiles) character file.

Game seed: 3157339788247965324

106397 oldriver the Warrior (level 16, 0/252 (258) HPs)
             Began as a Naga Artificer on Dec 27, 2022.
             Was the Champion of Wu Jian.
             Slain by a steelbarb worm (15 damage)
             ... on level 3 of the Spider Nest.
             The game lasted 01:06:28 (30965 turns).

oldriver the Warrior (Naga Artificer)              Turns: 30965, Time: 01:06:29

HP:   0/252 (258)   AC: 25    Str: 17    XL:     16   Next: 44%
MP:   25/25         EV:  9    Int:  9    God:    Wu Jian [******]
Gold: 1175          SH:  0    Dex: 18    Spells: 15/15 levels left

rFire   + . .      SeeInvis +    z - +9 long sword (flame)
rCold   + . .      Faith    .    (no shield)
rNeg    . . .      Spirit   .    f - +7 storm dragon scales "Wevy" {rElec SInv}
rPois   +          Reflect  .    t - +0 helmet of Jum Ipex {Fly Will+ Int-2 SInv}
rElec   +          Harm     .    r - scarf {rC+ rF+}
rCorr   +          Rampage  .    y - +1 pair of gloves
Will    +++..                    (no barding) Stlth
                                 A - amulet of regeneration
HPRegen 1.42/turn                n - ring of magical power
MPRegen 0.19/turn                H - ring of resist corrosion

@: berserking, spiked, flying, slowed, studying Axes, lightly drained, very slow
A: AC +5, large, see invisible, deformed body, poison resistance, slowness 2,
spit poison 1, naga tail 2
a: Spit Poison, Renounce Religion, Wall Jump, Serpent's Lash, Heavenly Storm


You were on level 3 of the Spider Nest.
You worshipped Wu Jian.
Wu Jian was exalted by your worship.
You visited 5 branches of the dungeon, and saw 26 of its levels.
You also visited: Sewer, Ossuary and Ice Cave.

You collected 2164 gold pieces.
You spent 989 gold pieces at shops.

Inventory:

Hand Weapons
 z - a +9 long sword of flaming (weapon)
Missiles
 u - 4 atropa-tipped darts
 D - 17 poisoned darts
 P - 6 throwing nets
Armour
 f - the +7 storm dragon scales "Wevy" (worn) {rElec SInv}
   (You found it on level 11 of the Dungeon)

   rElec:     It insulates you from electricity.
   SInv:      It lets you see invisible.
 r - a scarf of resistance (worn)
 t - the +0 helmet of Jum Ipex (worn) {Fly Will+ Int-2 SInv}
   (You found it on level 3 of the Dungeon)

   Int:       It affects your intelligence (-2).
   SInv:      It lets you see invisible.
   Fly:       It grants you flight.
   Will:      It increases your willpower.
 y - a +1 pair of gloves (worn)
Jewellery
 n - a ring of magical power (left hand)
 q - a ring of flight
 w - a ring of willpower
 A - an amulet of regeneration (around neck)
 H - a ring of resist corrosion (right hand)
 R - a ring of protection from fire
Wands
 c - a wand of flame (14)
 d - a wand of charming (11)
 e - a wand of iceblast (1)
 j - a wand of polymorph (3)
 p - a wand of paralysis (13)
 I - a wand of acid (14)
 O - a wand of mindburst (20)
 T - a wand of roots (11)
Scrolls
 h - a scroll of summoning
 l - 2 scrolls of silence
 o - 4 scrolls of fear
 s - 3 scrolls of teleportation
 v - 3 scrolls of vulnerability
 x - 3 scrolls of magic mapping
 F - 2 scrolls of fog
 J - 6 scrolls of blinking
 L - 14 scrolls of identify
 N - 5 scrolls of amnesia
 U - 5 scrolls of poison
 V - 3 scrolls of torment
Potions
 a - 5 potions of might
 b - 3 potions of heal wounds
 g - 10 potions of curing
 i - 3 potions of berserk rage
 k - 5 potions of haste
 m - 5 potions of lignification
 B - 8 potions of brilliance
 C - 6 potions of mutation
 E - 2 potions of cancellation
 G - 4 potions of resistance
 M - 2 potions of invisibility
 Q - 3 potions of ambrosia
 S - 3 potions of flight
Miscellaneous
 K - a lightning rod (2/4)


   Skills:
 + Level 18.3 Fighting
 - Level 14.0 Long Blades
 - Level 3.0 Polearms
 + Level 10.2 Armour
 - Level 8.0 Dodging
 - Level 11.0 Stealth
 + Level 7.3 Evocations


You had 15 spell levels left.
You didn't know any spells.
Your spell library contained the following spells:

 Spells                   Type           Power      Damage    Failure   Level
 Apportation              Tloc           0%         N/A       98%         1
 Beastly Appendage        Tmut           0%         N/A       98%         1
 Magic Dart               Conj           0%         1d3       98%         1
 Necrotise                Necr           0%         1d4       98%         1
 Sandblast                Erth           0%         2d4       98%         1
 Sting                    Tmut/Pois      0%         1d3       98%         1
 Summon Small Mammal      Summ           0%         N/A       98%         1
 Ensorcelled Hibernation  Hex/Ice        0%         N/A       99%         2
 Passwall                 Tmut/Erth      0%         N/A       99%         2
 Poisonous Vapours        Pois/Air       0%         N/A       99%         2
 Scorch                   Fire           0%         2d5       99%         2
 Searing Ray              Conj           0%         2d4       99%         2
 Static Discharge         Conj/Air       0%         2-2/arc   99%         2
 Wereblood                Tmut           0%         N/A       99%         2
 Dazzling Flash           Conj/Hex       0%         N/A       100%        3
 Hailstorm                Conj/Ice       0%         3d3       100%        3
 Spider Form              Tmut/Pois      0%         N/A       100%        3
 Stone Arrow              Conj/Erth      0%         3d7       100%        3
 Swiftness                Air            0%         N/A       100%        3
 Tukima's Dance           Hex            0%         N/A       100%        3
 Vhi's Electric Charge    Tloc/Air       0%         N/A       100%        3
 Animate Armour           Summ/Erth      0%         N/A       100%        4
 Flame Wave               Conj/Fire      0%         2d4       100%        4
 Fulminant Prism          Conj/Hex       0%         3d5       100%        4
 Ice Form                 Ice/Tmut       0%         N/A       100%        4
 Iskenderun's Mystic Bla  Conj/Tloc      0%         2d3       100%        4
 Olgreb's Toxic Radiance  Pois           0%         N/A       100%        4
 Passage of Golubria      Tloc           0%         N/A       100%        4
 Agony                    Necr           0%         N/A       100%        5
 Alistair's Intoxication  Tmut/Pois      0%         N/A       100%        5
 Arcjolt                  Conj/Air       0%         1d10      100%        5
 Borgnjor's Vile Clutch   Necr/Erth      0%         N/A       100%        5
 Lightning Bolt           Conj/Air       0%         1d11      100%        5
 Silence                  Hex/Air        0%         N/A       100%        5
 Summon Forest            Summ/Tloc      0%         N/A       100%        5
 Summon Mana Viper        Hex/Summ       0%         N/A       100%        5
 Yara's Violent Unravell  Hex/Tmut       0%         3d3       100%        5
 Eringya's Noxious Bog    Tmut/Pois      0%         N/A       100%        6
 Simulacrum               Ice/Necr       0%         N/A       100%        6
 Starburst                Conj/Fire      0%         6d3       100%        6
 Summon Cactus Giant      Summ           0%         N/A       100%        6
 Lehudib's Crystal Spear  Conj/Erth      0%         10d2      100%        8


Dungeon Overview and Level Annotations

Branches:
Dungeon (14/15)            Temple (1/1) D:5            Lair (5/5) D:8
 Shoals (0/4) Lair:2       Spider (4/4) Lair:3          Orc (2/2) D:10
    Elf (0/3) Orc:2         Sewer (visited)         Ossuary (visited)
  IceCv (visited)
  Slime: Lair:4-5    Vaults: D:13-14

Altars:
Ashenzari
Cheibriados
Dithmenos
Elyvilon
Fedhas
Gozag
Hepliaklqana
Kikubaaqudgha
Makhleb
Nemelex Xobeh
Okawaru
Qazlal
Ru
Sif Muna
Trog
Uskayaw
Vehumet
Wu Jian
Xom
Yredelemnul
Zin
The Shining One
Jiyva

Shops:
D:5 (   D:9 *   D:10 [(   Orc:1 [   Orc:2 ?:*[(

Annotations:
D:7 1 runed translucent door, Crazy Yiuf
Lair:2 3 runed translucent doors, BubbleThief's ghost, journeyman NaVM
Lair:5 exclusion: 3 oklob plants


Innate Abilities, Weirdness & Mutations

Your serpentine skin is tough. (AC +5)
You have supernaturally acute eyesight. (SInv)
Armour fits poorly on your strangely shaped body.
Your system is resistant to poisons. (rPois)
You cover ground very slowly.
You can spit poison.
You can use your snake-like lower body to constrict enemies.


Message History

The wolf spider bites you but does no damage.
The jumping spider leaps! x2; The pharaoh ant bites you!!
* * * LOW HITPOINT WARNING * * *
The torpor snail barely misses you.
The demonic crawler hits you but does no damage. x2
The demonic crawler hits you!
* * * LOW HITPOINT WARNING * * *
The moth of wrath bites you!
* * * LOW HITPOINT WARNING * * *
The barbed spikes dig painfully into your body as you move.
* * * LOW HITPOINT WARNING * * *
You fly upwards.
There is a stone staircase leading down, spattered with blood here.
Unknown command.
You are too berserk!
You are too berserk!
You are too berserk!
You are too berserk!
Okay, then.
You are too berserk!
There's nothing to close nearby.
Aiming: Wall Jump
Press: ? - help, Dir - move target
Okay, then.
Okay, then.
You are too berserk!
Aiming: Wall Jump
Press: ? - help, Dir - move target The barbs in your skin will harm you if you move.
Continue?
Okay, then.
Unknown command.
You slice the tarantella!! You burn the tarantella. You grab the tarantella.
The tarantella is heavily wounded.
You constrict the tarantella.
The tarantella touches you but does no damage.
The wolf spider hits you!!
* * * LOW HITPOINT WARNING * * *
The wolf spider bites you but does no damage.
The steelbarb worm hits you!
You die...

#..........†#....####..##
####.................^....##
#..^.................##....#
..#....#......#.....^##...##
^..#......................#
.^#[.#................##..#
......................##..##
............#..ss#.........#
..^............w@s..^##^..##
..#....#......[Bwy...##...#
.>.....^..................#
.....................#....##
..#.....#...#.......##.....#
......^...................##
................^.......####
#................#.####.#..##
##..........#...^.## #..#...#


You could see a steelbarb worm (berserk), a torpor snail (berserk), a demonic
crawler, a wolf spider (berserk), a moth of wrath, a pharaoh ant and a
tarantella (berserk).

Vanquished Creatures
  Asterion (Spider:3)
  Donald (Spider:2)
  A ghost moth (Spider:3)
  An orc warlord (Orc:2)
  Snorg (D:11)
  2 vault guards (D:14)
  6 hydras
  Harold (Lair:2)
  5 two-headed ogres
  2 boulder beetles
  A centaur warrior (D:14)
  A death knight (D:12)
  A tengu warrior (D:13)
  5 death yaks
  3 orc high priests
  Amaemon (Lair:2)
  A skeletal warrior (D:12)
  3 pharaoh ants
  2 steelbarb worms
  A bog body (D:11)
  3 orb spiders
  A phantasmal warrior (D:11)
  Pikel (D:5)
  9 wolf spiders
  4 orc knights
  A lindwurm (Lair:5)
  2 ugly things (D:13)
  2 manticores
  A deep elf pyromancer (D:12)
  6 orc sorcerers
  6 elephants
  2 moths of wrath (Spider:3)
  2 centaur zombies (D:10)
  2 cyclopes (D:13)
  11 black mambas
  An orange demon (Lair:2)
  5 torpor snails
  A guardian serpent (Lair:5)
  An unseen horror (D:12)
  3 demonic crawlers
  18 cane toads
  3 rime drakes
  An unseen horror zombie (D:10)
  7 komodo dragons
  2 ice devils (D:11)
  An anaconda simulacrum (IceCv)
  6 meliai
  7 trolls
  Grinder (D:5)
  6 polar bears
  22 tarantellas
  A slime creature (D:13)
  29 blink frogs
  3 hornets (Lair:5)
  Prince Ribbit (Lair:1)
  12 dream sheep (Lair:5)
  12 jumping spiders
  13 culicivoras
  4 shadows
  4 wraiths
  17 wyverns
  3 vampires
  Sigmund (D:3)
  A dire elephant simulacrum (IceCv)
  47 yaks
  Grum (D:8)
  3 basilisks
  4 vampire mosquitoes (D:14)
  29 redbacks
  2 steam dragons
  A death yak simulacrum (IceCv)
  4 wargs (Orc:1)
  2 acid dragons
  A harpy simulacrum (IceCv)
  19 water moccasins
  6 ice beasts
  30 orc warriors
  A black bear (D:4)
  8 ogres
  2 sky beasts
  16 wolves
  7 centaurs
  2 lemures (D:5)
  A phantom (D:5)
  Blork the orc (D:4)
  4 two-headed ogre simulacra (IceCv)
  10 bullfrogs
  2 scorpions
  4 gnoll sergeants
  3 cane toad simulacra (IceCv)
  4 wights (D:7)
  An elephant simulacrum (IceCv)
  A howler monkey (D:9)
  An electric eel (Spider:2)
  3 hounds
  3 quasits (D:7)
  A human zombie (Ossuary)
  17 orc priests
  4 jellies
  2 gnoll boudas
  Jessica (D:2)
  22 orc wizards
  11 spriggan simulacra
  6 troll simulacra (IceCv)
  11 hell rats
  4 polar bear simulacra
  A wolf simulacrum (IceCv)
  3 mummies (Ossuary)
  Robin (D:3)
  26 gnolls
  3 river rats (Sewer)
  6 adders
  4 naga simulacra
  2 shadow imps
  4 white imps
  7 ufetubi
  3 adder zombies (Ossuary)
  3 dart slugs
  58 orcs
  5 endoplasms
  5 giant cockroaches
  12 goblins
  5 hobgoblins
  7 jackals
  A quokka (D:4)
  12 ball pythons
  7 bats
  4 frilled lizards
  3 goblin zombies (Ossuary)
  4 hobgoblin zombies (Ossuary)
  4 kobolds
  2 kobold zombies (Ossuary)
  An orc zombie (Ossuary)
  A quokka zombie (Ossuary)
  13 rats
  3 rat zombies (Ossuary)
791 creatures vanquished.

Vanquished Creatures (collateral kills)
  A frilled lizard (D:2)
1 creature vanquished.

Vanquished Creatures (others)
  2 gnolls (D:5)
  3 orcs
  54 fungi
  78 plants
  3 withered plants
140 creatures vanquished.

Grand Total: 932 creatures vanquished

Notes
Turn   | Place    | Note
-------+----------+-------------------------------------------
     0 | D:1      | oldriver the Naga Artificer began the quest for the Orb.
     0 | D:1      | Reached XP level 1. HP: 18/18 MP: 1/1
   260 | D:1      | Reached XP level 2. HP: 25/25 MP: 2/2
   889 | D:2      | Reached skill level 2 in Fighting
   998 | D:2      | Noticed Jessica
  1001 | D:2      | Reached XP level 3. HP: 32/32 MP: 3/3
  1005 | D:2      | Killed Jessica
  1078 | D:2      | Found a hide-covered altar of Uskayaw.
  1114 | D:2      | Reached XP level 4. HP: 21/40 MP: 4/4
  1721 | D:3      | Reached skill level 3 in Fighting
  1748 | D:3      | Noticed Robin
  1762 | D:3      | Killed Robin
  1763 | D:3      | Reached skill level 5 in Stealth
  1919 | D:3      | Found a faded altar of an unknown god.
  2145 | D:3      | Reached XP level 5. HP: 49/49 MP: 5/5
  2155 | D:3      | Identified the +0 helmet of Jum Ipex {Fly Will+ Int-2 SInv}
  2192 | D:3      | Noticed Sigmund
  2195 | D:3      | Killed Sigmund
  2196 | D:3      | Reached XP level 6. HP: 57/57 MP: 6/6
  2389 | D:3      | Found a sparkling altar of Nemelex Xobeh.
  2639 | D:4      | Noticed Blork the orc
  2646 | D:4      | Killed Blork the orc
  2824 | D:4      | HP: 2/57 [ogre/+0 giant club (28)]
  2826 | D:4      | Reached skill level 4 in Fighting
  2826 | D:4      | Reached skill level 1 in Long Blades
  2826 | D:4      | Reached XP level 7. HP: 3/64 MP: 7/7
  2923 | D:4      | Found a glowing drain.
  2939 | Sewer    | Entered a sewer
  3457 | D:4      | Found a blossoming altar of Fedhas.
  3621 | D:5      | Entered Level 5 of the Dungeon
  3666 | D:5      | Found a staircase to the Ecumenical Temple.
  3677 | Temple   | Entered the Ecumenical Temple
  3911 | D:5      | Noticed Pikel
  3928 | D:5      | Killed Pikel
  3929 | D:5      | Reached skill level 5 in Fighting
  3929 | D:5      | Reached skill level 5 in Long Blades
  3929 | D:5      | Reached XP level 8. HP: 40/76 MP: 8/8
  4088 | D:5      | Found a sand-covered staircase.
  4118 | Ossuary  | Entered an ossuary
  4140 | Ossuary  | Reached skill level 6 in Fighting
  4484 | D:5      | Noticed Grinder
  4498 | D:5      | Killed Grinder
  4499 | D:5      | Reached XP level 9. HP: 82/85 MP: 9/9
  4685 | D:5      | Reached skill level 1 in Dodging
  4775 | D:5      | Found Tuuj's Weapon Emporium.
  5509 | D:6      | Reached skill level 7 in Fighting
  6147 | Temple   | Became a worshipper of the Wu Jian Council
  6725 | D:7      | Found a runed translucent door.
  6726 | D:7      | Noticed Crazy Yiuf
  7224 | D:7      | Reached XP level 10. HP: 88/94 MP: 10/10
  7266 | D:7      | Reached * piety under Wu Jian
  7449 | D:8      | Found a staircase to the Lair.
  7536 | D:8      | Reached skill level 8 in Fighting
  7577 | D:8      | Reached skill level 10 in Long Blades
  8091 | D:8      | Noticed Grum
  8099 | D:8      | Reached ** piety under Wu Jian
  8103 | D:8      | Killed Grum
  8327 | Lair:1   | Entered Level 1 of the Lair of Beasts
  8329 | Lair:1   | Noticed a cane toad
  8339 | Lair:1   | Killed a cane toad
  8344 | Lair:1   | Noticed a cane toad
  8365 | Lair:1   | Reached XP level 11. HP: 83/104 MP: 11/11
  8458 | Lair:1   | Reached skill level 9 in Fighting
  8458 | Lair:1   | Reached skill level 5 in Dodging
  8540 | Lair:1   | Found a frozen archway.
  8551 | IceCv    | Entered an ice cave
  9300 | IceCv    | Reached *** piety under Wu Jian
 10733 | IceCv    | Identified the +5 plate armour of Haext {Int+2}
 11110 | IceCv    | Noticed a bog body
 11110 | IceCv    | Noticed a bog body
 11455 | Lair:1   | Noticed Prince Ribbit
 11470 | Lair:1   | Killed Prince Ribbit
 11650 | D:9      | Noticed a two-headed ogre
 11657 | D:9      | Killed a two-headed ogre
 11714 | D:9      | Found Ocuyrur's Assorted Antiques.
 11915 | D:9      | Reached skill level 10 in Fighting
 12468 | D:10     | Entered Level 10 of the Dungeon
 12717 | D:10     | Reached **** piety under Wu Jian
 12801 | D:10     | Reached XP level 12. HP: 116/116 MP: 12/12
 12880 | D:10     | Found Husufiut's Weapon Boutique.
 12881 | D:10     | Found a staircase to the Orcish Mines.
 12882 | D:10     | Found Fycozuta's Armour Boutique.
 14156 | Lair:1   | Identified the +2 chain mail of Boredom {Dex+5 SInv}
 14384 | Lair:2   | Noticed Amaemon
 14403 | Lair:2   | Killed Amaemon
 14808 | Lair:2   | Found a staircase to the Shoals.
 14835 | Lair:2   | Found a runed translucent gate.
 14835 | Lair:2   | Found a runed translucent gate.
 14835 | Lair:2   | Found a runed translucent gate.
 14835 | Lair:2   | Noticed BubbleThief's ghost (journeyman NaVM)
 14931 | Lair:2   | Reached skill level 11 in Fighting
 15458 | Lair:2   | Noticed Harold
 15512 | Lair:2   | Killed Harold
 16075 | Lair:3   | Reached skill level 12 in Fighting
 16138 | Lair:3   | Found a hole to the Spider Nest.
 16260 | Lair:3   | Gained mutation: You can use your snake-like lower body to
                  | constrict enemies. [Naga growth]
 16260 | Lair:3   | Reached XP level 13. HP: 106/130 MP: 13/13
 16495 | Lair:2   | Reached skill level 13 in Fighting
 16577 | Lair:2   | Reached ***** piety under Wu Jian
 17255 | Lair:4   | Reached skill level 14 in Fighting
 18372 | Lair:5   | Entered Level 5 of the Lair of Beasts
 19386 | Lair:5   | Reached skill level 5 in Evocations
 19492 | Lair:5   | Reached XP level 14. HP: 130/145 MP: 14/14
 19765 | Lair:5   | Reached skill level 15 in Fighting
 19771 | Lair:5   | Reached skill level 5 in Armour
 19941 | Orc:1    | Entered Level 1 of the Orcish Mines
 20213 | Orc:2    | Entered Level 2 of the Orcish Mines
 20229 | Orc:2    | Found a staircase to the Elven Halls.
 20308 | Orc:1    | Found Yloej's Armour Emporium.
 20871 | Orc:2    | Found Joraurea's Magic Scroll Shoppe.
 20898 | Orc:2    | Bought a scroll of teleportation for 42 gold pieces
 20898 | Orc:2    | Bought a scroll of teleportation for 42 gold pieces
 20898 | Orc:2    | Bought a scroll of teleportation for 42 gold pieces
 20940 | Orc:2    | Noticed an orc warlord
 21308 | Orc:2    | Killed an orc warlord
 21726 | Orc:2    | Found Muuz's General Store.
 21727 | Orc:2    | Found Onaob's Book Shoppe.
 21729 | Orc:2    | Found Biyniofi's Antique Armour Emporium.
 21729 | Orc:2    | Found Wukhyof's Antique Weapon Emporium.
 21734 | Orc:2    | Bought a warped chain mail for 256 gold pieces
 21734 | Orc:2    | Identified the +0 chain mail of Inquiry {rCorr} (You bought
                  | it in a shop on level 2 of the Orcish Mines)
 21744 | Orc:2    | Bought a lightning rod (4/4) for 390 gold pieces
 21744 | Orc:2    | Bought a scroll of blinking for 97 gold pieces
 21959 | D:11     | Noticed Snorg
 21966 | D:11     | Killed Snorg
 22054 | D:9      | Bought a tubular wooden ring for 120 gold pieces
 22656 | D:11     | Reached ****** piety under Wu Jian
 22657 | D:11     | Reached skill level 16 in Fighting
 22680 | D:11     | Identified the +7 storm dragon scales "Wevy" {rElec SInv}
 23437 | D:12     | Reached XP level 15. HP: 157/157 MP: 15/15
 23574 | D:12     | Reached skill level 10 in Stealth
 26670 | Lair:5   | Reached skill level 17 in Fighting
 27393 | Lair:5   | Found a viscous altar of Jiyva.
 27509 | Spider:1 | Entered Level 1 of the Spider Nest
 29085 | Spider:2 | Noticed Donald
 29096 | Spider:2 | Killed Donald
 29097 | Spider:2 | Reached XP level 16. HP: 171/171 MP: 16/16
 29825 | Spider:2 | Reached skill level 18 in Fighting
 30176 | Spider:3 | Noticed Asterion
 30186 | Spider:3 | Killed Asterion
 30196 | Spider:3 | Reached skill level 10 in Armour
 30788 | Spider:4 | Entered Level 4 of the Spider Nest
 30965 | Spider:3 | Slain by a steelbarb worm

Illustrated notes

Levels and vault maps discovered:
D:1:      heliophobic_arrival_henge, layout_basic
D:2:      layout_loops_ring, basic_altar, uniq_jessica
D:3:      layout_loops_ring, nemelex_dance_club_becter,
          shapermc_ecumenical_altar_gd, uniq_sigmund, uniq_robin
D:4:      layout_loops_cross, fedhas_altar_fruit_tree, portal_sewer_entry_a,
          minmay_misc_feat_enclosed, chequers_serial_rivers_room_b,
          dk_noncrumbling_3, minmay_manual_mail, uniq_blork_the_orc
D:5:      layout_loops_corners, minmay_temple_entry_antechambers, serial_shops,
          shop, nicolae_ossuary_entry_false_entrances, uniq_pikel, uniq_grinder
D:6:      layout_basic
D:7:      layout_loops_ring, serial_demonic, serial_demonic_a, serial_demonic_a,
          serial_demonic_b, serial_demonic_a, uniq_crazy_yiuf_cottage
D:8:      layout_loops_cross, hellmonk_lair_entry_icy, st_stairs_1,
          kennysheep_generic_room_2, uniq_grum
D:9:      layout_irregular_city, serial_shops, shop,
          minmay_fractal_squares_gapless_5
D:10:     layout_basic, orc_david_3, serial_undead, serial_undead_e,
          serial_undead_e, serial_undead_f, serial_undead_f
D:11:     dreamdust_isle_of_ice, layout_basic, uniq_snorg
D:12:     layout_roguey, serial_park_tiny_1
D:13:     layout_layer_cave, serial_bayou_pond_b
D:14:     layout_irregular_city, erik_vaults_2,
          gammafunk_ghost_berserking_beasts, hangedman_abyss_or_decor_stagger,
          minmay_misc_feat_square
Temple:   mainiacjoe_temple_cubbyholes
Lair:1:   layout_cave_shapes, portal_ice_cave_entry_pillars_2,
          pdpol_lair_neglected_garden, uniq_prince_ribbit2
Lair:2:   wad_woods_structure_01, layout_regular_city, shoals_dummy_entry,
          gammafunk_ghost_necromancy, uniq_amaemon, uniq_harold
Lair:3:   layout_long_grid, spider_nest_entry_a
Lair:4:   layout_cave_pods
Lair:5:   hangedman_lair_tendril_chambers, layout_layer_cave,
          minmay_slime_entry_oklob_enclosed, lemuel_fruit_fields,
          lemuel_fruit_tree
Spider:1: layout_chambers
Spider:2: layout_spider_delve, drop_trap, uniq_donald
Spider:3: layout_spider_delve, hangedman_spider_tarantella_strand, uniq_asterion
Spider:4: spider_rune_water
Orc:1:    layout_caves, serial_shops, nicolae_shop_stone
Orc:2:    st_orc_congregation, layout_diamond_mine, serial_shops, shop

Skill      XL: |  1  2  3  4  5  6  7  8  9 10 11 12 13 14 15 16 |
---------------+-------------------------------------------------+-----
Stealth        | 2 3 4 5 6 7 9 11 | 11.0
Fighting       | 2 3 4 5 6 7 8 10 12 14 16 17 18 | 18.3
Polearms       | 2 3 |  3.0
Long Blades    | 1 5 7 9 11 13 14 | 14.0
Dodging        | 3 4 5 6 8 |  8.0
Armour         | 2 3 4 6 9 10 | 10.2
Evocations     | 5 7 |  7.3

Action                   |  1- 3 |  4- 6 |  7- 9 | 10-12 | 13-15 | 16-18 || total
-------------------------+-------+-------+-------+-------+-------+-------++-------
Melee: Club              |    44 |    37 |       |       |       |       ||    81
       Spear             |       |    34 |       |       |       |       ||    34
       Long sword        |       |    10 |   263 |   660 |  1246 |   217 ||  2396
       Punch             |       |       |     4 |    19 |    26 |     6 ||    55
       Constrict         |       |       |       |       |   283 |    57 ||   340
Throw: Dart              |       |       |       |     5 |    12 |     1 ||    18
Invok: Lunge             |       |       |    11 |    48 |    95 |     8 ||   162
       Whirlwind         |       |       |       |    27 |    72 |    15 ||   114
       Serpent's Lash    |       |       |       |     2 |     4 |     4 ||    10
 Abil: Spit Poison       |    25 |    18 |    39 |    62 |    65 |     7 ||   216
Evoke: Wand              |     1 |     6 |    25 |    29 |    13 |     5 ||    79
       Lightning rod     |       |       |       |       |     2 |     3 ||     5
  Use: Scroll            |       |       |    22 |     7 |    12 |       ||    41
       Potion            |       |       |       |     2 |     4 |       ||     6
 Stab: Sleeping          |       |     8 |     6 |    11 |     7 |       ||    32
       Distracted        |       |       |     1 |       |     1 |       ||     2
       Paralysed         |       |       |       |     6 |       |       ||     6
Armor: Leather armour    |     8 |    25 |   134 |   146 |    48 |       ||   361
       Scale mail        |       |       |       |       |   113 |       ||   113
       Troll leather arm |       |       |       |       |    28 |       ||    28
       Storm dragon scal |       |       |       |       |   326 |   245 ||   571
Dodge: Dodged            |    27 |    37 |   171 |   327 |   438 |   138 ||  1138

Table legend: (Time is in decaauts)
 A = Elapsed time spent in this place.
 B = Non-inter-level travel time spent in this place.
 C = Inter-level travel time spent in this place.
 D = Time resting spent in this place.
 E = Time spent auto-exploring this place.
 F = Levels seen in this place.
 G = Mean time per level.
                   A        B        C        D        E       F      G
               +--------+--------+--------+--------+--------+-----+--------+
         Total |  38814 |  35984 |   2830 |   5929 |  20858 |  29 | 1338.4 |
       Dungeon |  18102 |  16256 |   1846 |   1579 |  10920 |  14 | 1293.0 |
        Temple |    603 |    503 |    100 |      0 |    363 |   1 |  603.0 |
          Lair |   9953 |   9245 |    708 |   1461 |   5267 |   5 | 1990.6 |
   Spider Nest |   4214 |   4141 |     73 |    818 |   2384 |   4 | 1053.5 |
  Orcish Mines |   2347 |   2246 |    101 |    332 |   1067 |   2 | 1173.5 |
         Sewer |    170 |    170 |      0 |      0 |    102 |   1 |  170.0 |
       Ossuary |    283 |    283 |      0 |      0 |    155 |   1 |  283.0 |
      Ice Cave |   3139 |   3139 |      0 |   1738 |    598 |   1 | 3139.0 |
               +--------+--------+--------+--------+--------+-----+--------+

Top non-repeatable levels by time:
   IceCv: 3139 daAuts
  Lair:5: 2906 daAuts
  Lair:2: 2494 daAuts
    D:10: 1967 daAuts
  Lair:4: 1854 daAuts
    D:13: 1722 daAuts
    D:11: 1647 daAuts
Spider:1: 1624 daAuts
     D:7: 1531 daAuts
     D:5: 1473 daAuts
  Lair:3: 1459 daAuts
   Orc:2: 1443 daAuts
Spider:2: 1405 daAuts
     D:8: 1340 daAuts
     D:4: 1333 daAuts
